 Dungeon Crawl Stone Soup version 0.30-a0-177-g1cb5dbfd7a (webtiles) character file.

Game seed: 14852811177247521709

24077 Pooter the Cleaver (level 12, -13/162 HPs)
             Began as a Minotaur Fighter on Oct 1, 2022.
             Was a Believer of Trog.
             Mangled by a death yak (20 damage)
             ... on level 1 of the Lair of Beasts on Oct 2, 2022.
             The game lasted 01:25:09 (14948 turns).

Pooter the Cleaver (Minotaur Fighter)              Turns: 14948, Time: 01:25:10

Health: -13/162    AC: 16    Str: 26    XL:     12   Next: 77%
Magic:  9/9        EV: 11    Int:  8    God:    Trog [**....]
Gold:   150        SH:  0    Dex: 10    Spells: 11/11 levels left

rFire   + . .      SeeInvis +    a - +0 battleaxe
rCold   + + .      Faith    .    (shield currently unavailable)
rNeg    + . .      Spirit   .    m - +1 plate armour {rC+}
rPois   .          Reflect  .    (helmet restricted)
rElec   .          Harm     .    I - scarf {rC+ rF+}
rCorr   .          Rampage  .    U - +2 pair of gloves "Fimatt" {Int+3 SInv}
Will    ++...                    (no boots)
Stlth   ..........               H - amulet of regeneration
HPRegen 2.27/turn                j - +4 ring of evasion
MPRegen 0.11/turn                N - ring of positive energy

@: berserking, strong-willed (expiring), regenerating (expiring), very quick
A: horns 2, retaliatory headbutt, iridescent scales 1, deformed body, low MP 1
a: Renounce Religion, Berserk, Trog's Hand


You were on level 1 of the Lair of Beasts.
You worshipped Trog.
Trog was pleased with you.
You visited 4 branches of the dungeon, and saw 14 of its levels.
You also visited: Sewer.

You collected 1409 gold pieces.
You spent 1259 gold pieces at shops.

Inventory:

Hand Weapons
 a - a +0 battleaxe (weapon)
   (You found it on level 10 of the Dungeon)
 b - a +0 shortbow
   (You took it off a centaur on level 9 of the Dungeon)
 e - a +0 morningstar
   (You found it on level 1 of the Dungeon)
 g - a +2 flail of protection
   (You took it off an orc on level 3 of the Dungeon)
 o - a +1 war axe
 y - a +2 antimagic flail
   (You took it off an orc on level 5 of the Dungeon)
Missiles
 n - 4 silver boomerangs
 s - 2 curare-tipped darts
 E - 11 poisoned darts
 L - 21 boomerangs (quivered)
 Q - 87 stones
Armour
 c - a +0 buckler
 l - a +0 cloak of preservation
   (You took it off Maurice on level 8 of the Dungeon)
 m - a +1 plate armour of cold resistance (worn)
   (You took it off an orc warrior on level 10 of the Dungeon)
 I - a scarf of resistance (worn)
   (You found it on level 7 of the Dungeon)
 T - the +1 cloak of Rotation {rCorr}
   (You bought it in a shop on level 7 of the Dungeon)

   rCorr:     It protects you from acid and corrosion.
 U - the +2 pair of gloves "Fimatt" (worn) {Int+3 SInv}
   (You bought it in a shop on level 7 of the Dungeon)

   Int:       It affects your intelligence (+3).
   SInv:      It lets you see invisible.
Jewellery
 j - a +4 ring of evasion (left hand)
   (You found it on level 9 of the Dungeon)
 H - an amulet of regeneration (around neck)
   (You took it off a wight on level 7 of the Dungeon)
 N - a ring of positive energy (right hand)
   (You found it on level 2 of the Dungeon)
 S - a ring of see invisible
   (You bought it in a shop on level 6 of the Dungeon)
Wands
 d - a wand of iceblast (5)
   (You found it on level 8 of the Dungeon)
 f - a wand of flame (7)
   (You took it off Maurice on level 8 of the Dungeon)
 i - a wand of mindburst (10)
   (You found it on level 1 of the Lair of Beasts)
 v - a wand of charming (14)
   (You found it on level 5 of the Dungeon)
 D - a wand of light (12)
   (You found it on level 7 of the Dungeon)
Scrolls
 h - 3 scrolls of magic mapping
 q - 7 scrolls of blinking
 r - 2 scrolls of immolation {!r}
 t - 7 scrolls of teleportation {@r4}
 A - a scroll of vulnerability {!r}
 G - 2 scrolls of fear
 M - a scroll of torment {!r}
 V - a scroll of poison {!r}
Potions
 k - 10 potions of curing {@q1}
 p - 5 potions of heal wounds {@q2}
 x - a potion of berserk rage {unknown}
 z - a potion of resistance {unknown}
 B - 3 potions of attraction {!q}
 C - a potion of brilliance {unknown}
 J - a potion of invisibility
 K - a potion of mutation {!q}
 O - 3 potions of ambrosia
 P - 3 potions of flight
 R - a potion of lignification {unknown}
Miscellaneous
 F - a phantom mirror
   (You found it on level 10 of the Dungeon)


   Skills:
 + Level 10.7 Fighting
 * Level 14.4(14.9) Axes
 + Level 6.0(11.1) Maces & Flails
 * Level 12.6 Ranged Weapons
 + Level 10.7 Armour
 - Level 4.5 Shields
 + Level 4.5 Evocations


You had 11 spell levels left.
You didn't know any spells.
Your spell library contained the following spells:

 Spells                   Type           Power      Damage    Failure   Level
 Apportation              Tloc           0%         N/A       98%         1
 Necrotise                Necr           0%         1d4       98%         1
 Sandblast                Erth           0%         2d4       98%         1
 Summon Small Mammal      Summ           0%         N/A       98%         1
 Passwall                 Tmut/Erth      0%         N/A       99%         2
 Call Canine Familiar     Summ           0%         N/A       100%        3
 Stone Arrow              Conj/Erth      0%         3d7       100%        3
 Summon Guardian Golem    Hex/Summ       0%         N/A       100%        3
 Borgnjor's Revivificati  Necr           0%         N/A       100%        8
 Necromutation            Tmut/Necr      0%         N/A       100%        8
 Death's Door             Necr           0%         N/A       100%        9


Dungeon Overview and Level Annotations

Branches:
Dungeon (10/15)            Temple (1/1) D:4            Lair (1/5) D:8
    Orc (2/2) D:10            Elf (0/3) Orc:2         Sewer (visited)

Altars:
Ashenzari
Cheibriados
Dithmenos
Elyvilon
Fedhas
Gozag
Hepliaklqana
Kikubaaqudgha
Makhleb
Nemelex Xobeh
Okawaru
Qazlal
Ru
Sif Muna
Trog
Uskayaw
Vehumet
Wu Jian
Xom
Yredelemnul
Zin
The Shining One

Shops:
D:6 =   D:7 [   Orc:2 :?!!

Annotations:
D:2 1 runed translucent door, Crazy Yiuf
D:6 3 runed translucent doors, Darkkill's ghost, novice HuHu


Innate Abilities, Weirdness & Mutations

You have a pair of horns on your head.
You reflexively headbutt those who attack you in melee.
You are partially covered in iridescent scales. (AC +2)
Armour fits poorly on your strangely shaped body.
Your magical capacity is low. (-10% MP)


Message History

You feel strong-willed.
The death yak bellows!
You hear a bellow!
A death yak comes into view.
You barely miss the death yak. You hit the death yak.
The death yak gores you. x2
You hit the death yak but do no damage. You slice the death yak!!
The death yak completely misses you. The death yak gores you!
You hit the death yak but do no damage. You headbutt the death yak.
You slash the death yak! The death yak misses you. The death yak gores you!
You hit the death yak.
You headbutt the death yak, but do no damage.
You slash the death yak! The death yak gores you!
The death yak barely misses you.
You hit the death yak but do no damage. You headbutt the death yak.
You hit the death yak. The death yak misses you. The death yak gores you!
* * * LOW HITPOINT WARNING * * *
Unknown command.
A red film seems to cover your vision as you go berserk!
You feel yourself moving faster!
You feel mighty! The death yak gores you.
* * * LOW HITPOINT WARNING * * *
The death yak gores you.
* * * LOW HITPOINT WARNING * * *
You barely miss the death yak.
You headbutt the death yak, but do no damage.
You slash the death yak!
You slash the death yak! x2; The death yak gores you!
* * * LOW HITPOINT WARNING * * *
The death yak gores you!!
* * * LOW HITPOINT WARNING * * *
You slice the death yak!!
You kill the death yak!
Trog accepts your kill.
You slice the death yak!! You hit the death yak.
Your base Maces & Flails skill increases to level 6!
You barely miss the death yak. You hit the death yak.
The death yak gores you but does no damage. x2
You barely miss the death yak. You headbutt the death yak!
You slash the death yak! x2
The death yak gores you but does no damage.
The death yak gores you!
* * * LOW HITPOINT WARNING * * *
The death yak gores you.
* * * LOW HITPOINT WARNING * * *
You slash the death yak! You headbutt the death yak.
You hit the death yak but do no damage. You hit the death yak.
You slice the death yak!! You slash the death yak! x2
You feel the effects of Trog's Hand fading.
The death yak gores you!
* * * LOW HITPOINT WARNING * * *
The death yak gores you!!
You die...

#### #..# #..## #...#
.# #...# .# ##Y.P#
.#### # #@Y.P##
...P#.. ##Y...#####
..... .# #.........
.... ..
...###......)..
.####.#.#
.........######
........##.........##
.......##...###.#..##
........##... ###...#
♣...........# #..##


You could see 3 death yaks.

Vanquished Creatures
  Rupert (Orc:2)
  A boulder beetle (D:10)
  A death yak (Lair:1)
  A two-headed ogre (D:8)
  3 orc high priests (Orc:2)
  5 orc knights
  2 orc sorcerers (Orc:2)
  6 elephants (Lair:1)
  Maurice (D:8)
  A cane toad (Lair:1)
  A komodo dragon (D:9)
  7 trolls
  Prince Ribbit (D:8)
  2 hornets
  Grinder (D:6)
  2 basilisks (Lair:1)
  A wraith (D:10)
  11 yaks
  A wyvern (D:6)
  3 steam dragons
  3 vampire mosquitoes (D:10)
  3 wargs
  8 water moccasins
  20 orc warriors
  A sky beast (D:8)
  5 black bears
  6 ogres
  5 wolves (Lair:1)
  A centaur (D:9)
  3 phantoms
  A kobold brigand (D:7)
  3 gnoll sergeants
  6 scorpions
  7 bullfrogs
  4 necrophages
  5 wights
  6 killer bees (D:9)
  A howler monkey (D:6)
  5 hounds
  2 jellies
  22 orc priests
  3 iguanas
  25 orc wizards
  7 gnolls
  22 adders
  2 river rats (Sewer)
  2 white imps
  An ufetubus (D:5)
  2 worms
  5 dart slugs
  61 orcs
  14 ball pythons
  3 bats (D:1)
  17 endoplasms
  2 giant cockroaches (D:4)
  9 goblins
  11 hobgoblins
  10 kobolds
  4 quokkas
  4 frilled lizards
  32 rats
405 creatures vanquished.

Vanquished Creatures (collateral kills)
  An orc sorcerer (Orc:2)
  A gnoll bouda (D:8)
  An orc (Orc:1)
3 creatures vanquished.

Vanquished Creatures (others)
  A black bear (D:5)
  A human (D:6)
  3 orc wizards
  A gnoll (D:8)
  26 fungi
  32 plants
64 creatures vanquished.

Grand Total: 472 creatures vanquished

Notes
Turn   | Place    | Note
-------+----------+-------------------------------------------
     0 | D:1      | Pooter the Minotaur Fighter began the quest for the Orb.
     0 | D:1      | Reached XP level 1. HP: 19/19 MP: 0/0
   152 | D:1      | Reached XP level 2. HP: 27/27 MP: 1/1
   220 | D:1      | Reached skill level 3 in Axes
   731 | D:1      | Reached XP level 3. HP: 33/33 MP: 2/2
  1306 | D:2      | Reached XP level 4. HP: 36/40 MP: 3/3
  1677 | D:2      | Found a runed translucent door.
  1678 | D:2      | Noticed Crazy Yiuf
  2161 | D:3      | Reached skill level 4 in Axes
  2202 | D:3      | Reached XP level 5. HP: 8/47 MP: 4/4
  2667 | D:3      | Noticed a shining eye
  2702 | D:3      | Noticed an eye of devastation
  2704 | D:3      | Found a faded altar of an unknown god.
  2706 | D:3      | Noticed a floating eye
  2706 | D:3      | Noticed a shining eye
  3207 | D:4      | Found a glowing drain.
  3209 | D:4      | Noticed a phantom
  3226 | D:4      | Killed a phantom
  3227 | D:4      | Reached skill level 5 in Axes
  3227 | D:4      | Reached skill level 1 in Ranged Weapons
  3227 | D:4      | Reached XP level 6. HP: 37/55 MP: 5/5
  3331 | Sewer    | Entered a sewer
  3628 | Sewer    | Reached skill level 5 in Armour
  3700 | Sewer    | Reached skill level 5 in Fighting
  3801 | Sewer    | Reached skill level 6 in Axes
  3801 | Sewer    | Reached XP level 7. HP: 52/61 MP: 6/6
  4475 | D:4      | Found a staircase to the Ecumenical Temple.
  4528 | D:5      | Entered Level 5 of the Dungeon
  4534 | D:5      | Found a faded altar of an unknown god.
  4534 | D:5      | Found a broken altar of Ashenzari.
  4542 | D:5      | Found a snail-covered altar of Cheibriados.
  4625 | D:5      | Found a faded altar of an unknown god.
  4627 | D:5      | Found a radiant altar of Vehumet.
  4739 | D:5      | Reached skill level 7 in Axes
  4739 | D:5      | Reached XP level 8. HP: 70/70 MP: 7/7
  4966 | D:5      | Reached skill level 5 in Ranged Weapons
  5188 | Temple   | Entered the Ecumenical Temple
  5317 | Temple   | Became a worshipper of Trog the Wrathful
  5437 | D:5      | Found an ornate altar of the Wu Jian Council.
  5581 | D:5      | Reached skill level 8 in Axes
  5880 | D:6      | Reached XP level 9. HP: 70/78 MP: 8/8
  6043 | D:6      | Reached skill level 9 in Axes
  6140 | D:6      | Found a runed translucent gate.
  6142 | D:6      | Found a runed translucent gate.
  6142 | D:6      | Found a runed translucent gate.
  6151 | D:6      | Noticed Darkkill's ghost (novice HuHu)
  6436 | D:6      | Found an ancient bone altar of Kikubaaqudgha.
  6593 | D:6      | Found Faont's Jewellery Shop.
  6599 | D:6      | Bought a ring of see invisible for 195 gold pieces
  6630 | D:6      | Noticed Grinder
  6638 | D:6      | Killed Grinder
  6828 | D:7      | Reached * piety under Trog
  6873 | D:7      | Found Ulohar's Antique Armour Shop.
  7146 | D:7      | Reached skill level 10 in Axes
  7157 | D:7      | Identified the +2 robe of the Beggar {*Slow +Blink Fly
                  | SInv}
  7778 | D:7      | Identified the +4 dagger "Hydrabane" {elec, rF+ Will+ Str-2
                  | Dex+2}
  8192 | D:8      | Noticed a two-headed ogre
  8198 | D:8      | Reached XP level 10. HP: 88/88 MP: 9/9
  8205 | D:8      | Killed a two-headed ogre
  8350 | D:8      | Reached skill level 11 in Axes
  8405 | D:8      | Found a staircase to the Lair.
  8454 | D:8      | Found an opulent altar of Gozag.
  8916 | D:8      | Found a hide-covered altar of Uskayaw.
  8973 | D:8      | Found an iron altar of Okawaru.
  9038 | D:8      | Noticed Maurice
  9054 | D:8      | Killed Maurice
  9307 | D:8      | Noticed Prince Ribbit
  9314 | D:8      | Killed Prince Ribbit
  9422 | D:9      | Reached skill level 1 in Maces & Flails
  9422 | D:9      | Reached skill level 10 in Ranged Weapons
  9429 | D:9      | Reached skill level 1 in Evocations
  9562 | D:9      | Reached skill level 12 in Axes
  9562 | D:9      | Reached XP level 11. HP: 29/97 MP: 10/10
  9749 | D:9      | Identified the +7 great sword of Expedience {flame, *Rage
                  | Will+ Int+8 Stlth+}
 10170 | D:10     | Entered Level 10 of the Dungeon
 10565 | D:10     | Reached ** piety under Trog
 10886 | D:10     | Found a staircase to the Orcish Mines.
 10886 | D:10     | Noticed a boulder beetle
 10971 | D:10     | Killed a boulder beetle
 11213 | D:7      | Bought a pair of encrusted gloves for 256 gold pieces
 11213 | D:7      | Identified the +2 pair of gloves "Fimatt" {Int+3 SInv} (You
                  | bought it in a shop on level 7 of the Dungeon)
 11578 | Orc:1    | Entered Level 1 of the Orcish Mines
 11818 | Orc:1    | Noticed an orc knight
 11831 | Orc:1    | Killed an orc knight
 12066 | D:7      | Bought a distressingly furry cloak for 256 gold pieces
 12066 | D:7      | Identified the +1 cloak of Rotation {rCorr} (You bought it
                  | in a shop on level 7 of the Dungeon)
 12399 | Orc:2    | Entered Level 2 of the Orcish Mines
 12527 | Orc:2    | Reached skill level 13 in Axes
 12553 | Orc:2    | Noticed Rupert
 12577 | Orc:2    | Killed Rupert
 12750 | Orc:2    | Reached skill level 10 in Armour
 13127 | Orc:2    | Found a staircase to the Elven Halls.
 13281 | Orc:2    | Noticed an orc knight
 13307 | Orc:2    | Killed an orc knight
 13308 | Orc:2    | Reached XP level 12. HP: 106/106 MP: 11/11
 13309 | Orc:2    | Reached skill level 10 in Fighting
 13936 | Orc:2    | Noticed an orc high priest
 13943 | Orc:2    | Killed an orc high priest
 14073 | Orc:2    | Noticed an orc high priest
 14080 | Orc:2    | Killed an orc high priest
 14128 | Orc:2    | Reached skill level 5 in Maces & Flails
 14181 | Orc:2    | Noticed an orc high priest
 14205 | Orc:2    | Killed an orc high priest
 14263 | Orc:2    | Found Vawiuppe's Distillery.
 14263 | Orc:2    | Found Repp's Book Emporium.
 14265 | Orc:2    | Found Quike's Distillery.
 14265 | Orc:2    | Found Josaqiq's Magic Scroll Emporium.
 14271 | Orc:2    | Bought a potion of flight for 48 gold pieces
 14271 | Orc:2    | Bought a potion of attraction for 48 gold pieces
 14274 | Orc:2    | Bought a scroll of identify for 24 gold pieces
 14274 | Orc:2    | Bought a scroll of poison for 48 gold pieces
 14278 | Orc:2    | Upgraded the game from 0.30-a0-172-gc5509c9e31 to
                  | 0.30-a0-177-g1cb5dbfd7a
 14283 | Orc:2    | Bought a potion of mutation for 128 gold pieces
 14283 | Orc:2    | Bought a potion of mutation for 128 gold pieces
 14283 | Orc:2    | Bought a potion of mutation for 128 gold pieces
 14283 | Orc:2    | Gained mutation: You passively map a small area around you.
                  | [potion of mutation]
 14284 | Orc:2    | Lost mutation: You passively map a small area around you.
                  | [potion of mutation]
 14284 | Orc:2    | Gained mutation: You are frail. (-10% HP) [potion of
                  | mutation]
 14284 | Orc:2    | Gained mutation: You expend magic power (3 MP) to
                  | strengthen your wands. [potion of mutation]
 14284 | Orc:2    | Gained mutation: Armour fits poorly on your strangely
                  | shaped body. [potion of mutation]
 14285 | Orc:2    | Lost mutation: You expend magic power (3 MP) to strengthen
                  | your wands. [potion of mutation]
 14285 | Orc:2    | Lost mutation: You are frail. (-10% HP) [potion of
                  | mutation]
 14285 | Orc:2    | Gained mutation: You are partially covered in iridescent
                  | scales. (AC +2) [potion of mutation]
 14285 | Orc:2    | Gained mutation: Your magical capacity is low. (-10% MP)
                  | [potion of mutation]
 14629 | Lair:1   | Entered Level 1 of the Lair of Beasts
 14641 | Lair:1   | Reached skill level 14 in Axes
 14817 | Lair:1   | Reached *** piety under Trog
 14895 | Lair:1   | Noticed a death yak
 14895 | Lair:1   | Noticed a death yak
 14933 | Lair:1   | Noticed a death yak
 14935 | Lair:1   | Noticed a death yak
 14944 | Lair:1   | Killed a death yak
 14948 | Lair:1   | HP: 7/162 [death yak (14)]
 14948 | Lair:1   | Mangled by a death yak

Illustrated notes

Levels and vault maps discovered:
D:1:      scummos_arrival_simple_crosswalls, layout_basic
D:2:      layout_loops_ring, uniq_crazy_yiuf_cottage
D:3:      layout_basic, hellmonk_ecumenical_altar_watching_god,
          serial_bayou_pond_a
D:4:      layout_loops_ring, minmay_temple_entry_from_below_a,
          gup_sewer_entry_glass
D:5:      layout_cave_pools, chequers_temple_overflow_minitemple,
          nicolae_wu_jian_immortal_techniques, minmay_divided_ellipse
D:6:      layout_loops_ring, tgw_kikubaaqudgha, serial_shops,
          nicolae_diamond_shop, gammafunk_ghost_necromancy, due_unseen_surprise,
          uniq_grinder
D:7:      layout_basic, serial_shops, nicolae_inconvenience_store
D:8:      layout_basic, mainiacjoe_overflow_alcove_2,
          mainiacjoe_overflow_alcove_4, old_standard_altar,
          due_lair_maze_entry_diamond, uniq_prince_ribbit1, uniq_maurice
D:9:      layout_loops_ring, minmay_misc_feat_doors
D:10:     layout_roguey, erik_orc_4
Temple:   nicolae_temple_two_arcs
Lair:1:   layout_small_grid, minmay_holes, nicolae_lair_grove_arrangements,
          grunt_megastairs_2, uniq_sonja
Orc:1:    layout_caves
Orc:2:    grunt_orc_tribal_feast, layout_caves, uniq_rupert

Skill      XL: |  1  2  3  4  5  6  7  8  9 10 11 12 |
---------------+-------------------------------------+-----
Axes           | 3 4 5 6 7 8 10 12 13 14 | 14.4
Shields        | 4 |  4.5
Fighting       | 4 5 6 8 9 10 | 10.7
Armour         | 4 5 6 8 9 10 | 10.7
Ranged Weapons | 1 3 4 6 8 10 11 12 | 12.6
Maces & Flails | 1 4 6 |  6.0
Evocations     | 1 3 4 |  4.5

Action                   |  1- 3 |  4- 6 |  7- 9 | 10-12 || total
-------------------------+-------+-------+-------+-------++-------
Melee: Morningstar       |    58 |       |       |       ||    58
       Headbutt          |    13 |    24 |    53 |    85 ||   175
       War axe           |    11 |   138 |   257 |   150 ||   556
       Flail             |       |    15 |       |     6 ||    21
       Battleaxe         |       |       |       |   303 ||   303
 Fire: Sling             |       |    38 |    45 |     5 ||    88
       Shortbow          |       |       |       |   183 ||   183
Throw: Stone             |     1 |       |       |       ||     1
       Boomerang         |       |       |     5 |    13 ||    18
Invok: Berserk           |       |       |     5 |    17 ||    22
       Trog's Hand       |       |       |       |    18 ||    18
Evoke: Wand              |       |       |     4 |    21 ||    25
  Use: Scroll            |     2 |     7 |     5 |     8 ||    22
       Potion            |       |     1 |       |     5 ||     6
 Stab: Invisible         |       |       |     2 |     7 ||     9
Armor: Scale mail        |    15 |       |       |       ||    15
       Plate armour      |    37 |   158 |   162 |   261 ||   618
Dodge: Dodged            |    30 |    75 |    77 |   243 ||   425
Block: Buckler           |    11 |    49 |    47 |    30 ||   137

Table legend: (Time is in decaauts)
 A = Elapsed time spent in this place.
 B = Non-inter-level travel time spent in this place.
 C = Inter-level travel time spent in this place.
 D = Time resting spent in this place.
 E = Time spent auto-exploring this place.
 F = Levels seen in this place.
 G = Mean time per level.
                   A        B        C        D        E       F      G
               +--------+--------+--------+--------+--------+-----+--------+
         Total |  15352 |  13967 |   1385 |   3334 |   7211 |  15 | 1023.5 |
       Dungeon |  11821 |  10533 |   1288 |   2072 |   6421 |  10 | 1182.1 |
        Temple |    138 |    130 |      8 |      0 |    107 |   1 |  138.0 |
          Lair |    315 |    315 |      0 |      5 |    148 |   1 |  315.0 |
  Orcish Mines |   2465 |   2377 |     88 |   1045 |    357 |   2 | 1232.5 |
         Sewer |    611 |    611 |      0 |    211 |    178 |   1 |  611.0 |
               +--------+--------+--------+--------+--------+-----+--------+

Top non-repeatable levels by time:
   Orc:2: 1941 daAuts
    D:10: 1433 daAuts
     D:7: 1404 daAuts
     D:8: 1373 daAuts
     D:6: 1309 daAuts
     D:3: 1191 daAuts
     D:5: 1170 daAuts
     D:1: 1161 daAuts
     D:9: 1042 daAuts
     D:2: 868 daAuts
     D:4: 864 daAuts
   Sewer: 611 daAuts
   Orc:1: 523 daAuts
  Lair:1: 315 daAuts
  Temple: 138 daAuts
